AoeStats
← PeterHustinov

Arena

507991386Analyzed
2v2 RM · 11d ago on Sep 20, 2026· 30m 41s· 4 players
Game mode
Random Map
Map size
Medium (4 player)
Population
200
Speed
Normal
Resources
Standard
Victory
Conquest
Starting age
Dark Age
Ending age
Imperial Age
RankedLock teamsTeams togetherTeam positionsShared explorationLock speedFull tech treeHidden civsTurbo modeCheats
Victory
Defeat
🇪🇸 Cumans · Spain
1056
+15
🇪🇸 Malians · Spain
1036
+16
🇩🇪 Goths · Germany
1069
-17
🇨🇳 Turks · China
1007
-14
Trabuco
11:19 Feudal Age
12:08 Loom
15:16 Castle Age
19:43 Double-Bit Axe
24:10 Scale Mail Armor
24:21 Forging
25:54 Bow Saw
28:04 Horse Collar
PeterHustinov
3:26 Loom
9:44 Feudal Age
11:39 Double-Bit Axe
13:37 Horse Collar
17:26 Wheelbarrow
17:58 Town Watch
22:53 Castle Age
24:13 Bow Saw
23:26 Capped Ram
24:51 Hand Cart
24:42 Heavy Plow
24:59 Forging
24:50 Scale Mail Armor
25:12 Gold Mining
25:12 Stone Mining
24:54 Pikeman
27:27 Gold Shaft Mining
WiLLeX
1:43 Loom
10:42 Feudal Age
16:26 Castle Age
14:15 Double-Bit Axe
14:53 Man-at-Arms
15:43 Scale Mail Armor
21:57 Squires
21:17 Long Swordsman
23:04 Pikeman
23:43 Town Watch
24:47 Forging
29:10 Iron Casting
30:02 Wheelbarrow
29:27 Town Patrol
MUCI
11:50 Feudal Age
16:12 Castle Age
14:20 Double-Bit Axe
16:24 Forging
16:54 Bloodlines
26:43 Gold Mining
26:45 Stone Mining
Connection lost

Rejoining the realm…

Still unreachable

The connection could not be restored.

Session expired

The server has moved on; the page needs a fresh start.